 Dungeon Crawl Stone Soup version 0.29.1-2-gbd0b4ee654 (webtiles) character file.

Game seed: 16209455882869615294

2102 funnyparkerb the Changer (level 9, -2/88 HPs)
             Began as an Octopode Transmuter on Nov 12, 2022.
             Slain by a yak (4 damage)
             ... on level 6 of the Dungeon.
             The game lasted 00:08:22 (8125 turns).

funnyparkerb the Changer (Octopode Transmuter)      Turns: 8125, Time: 00:08:22

Health: -2/88      AC: 24    Str: 10    XL:     9   Next: 28%
Magic:  12/16      EV:  2    Int: 19    God:
Gold:   195        SH:  0    Dex: 12    Spells: 5/18 levels left

rFire   . . .      SeeInvis +     - Unarmed
rCold   . . .      Faith    .   (no shield)
rNeg    . . .      Spirit   .   (helmet currently unavailable)
rPois   +          Reflect  .   t - amulet of the acrobat
rElec   .          Harm     .   p - ring of see invisible
rCorr   .          Rampage  .   (no ring)
Will    .....      NoTele   +   (no ring)
Stlth   +.........              (no ring)
HPRegen 0.24/turn               (no ring)
MPRegen 0.15/turn               (no ring)
                                (no ring)
                                (no ring)

@: tree-form, wereblooded
A: stationary, stasis, torment immunity, boosted hp, almost no armour,
(amphibious), 8 rings, (camouflage 1), (gelatinous body 1), (nimble swimmer 1),
(tentacles)
a: no special abilities


You were on level 6 of the Dungeon.
You were a tree.
You visited 1 branch of the dungeon, and saw 6 of its levels.
You also visited: Ossuary.

You collected 195 gold pieces.

Inventory:

Missiles
 c - 4 atropa-tipped darts
Jewellery
 p - a ring of see invisible (left branch)
 t - an amulet of the acrobat (around neck)
Wands
 q - a wand of charming (20)
 A - a wand of polymorph (3)
 B - a wand of roots (6)
Scrolls
 b - 4 scrolls of teleportation {unknown}
 d - 2 scrolls of fog {unknown}
 e - 5 scrolls of identify {unknown}
 f - 2 scrolls of fear {unknown}
 g - 3 scrolls of enchant armour {unknown}
 k - a scroll of blinking {unknown}
 m - a scroll of acquirement {unknown}
 n - a scroll of torment {unknown}
 o - a scroll of amnesia {unknown}
 s - a scroll of noise {unknown}
 u - 3 scrolls of vulnerability {unknown}
 v - 2 scrolls of enchant weapon {unknown}
 w - 2 scrolls of brand weapon {unknown}
 y - a scroll of poison {unknown}
Potions
 h - 3 potions of curing
 i - a potion of might
 j - 3 potions of mutation {unknown}
 l - 2 potions of attraction {unknown}
 r - 3 potions of brilliance {unknown}
 x - a potion of magic {unknown}
 z - 2 potions of degeneration {unknown}
 C - a potion of heal wounds {unknown}


   Skills:
 + Level 4.5 Fighting
 + Level 4.3 Dodging
 - Level 3.0 Unarmed Combat
 * Level 5.1 Spellcasting
 - Level 5.0 Summonings
 * Level 5.3 Transmutations
 * Level 2.5 Ice Magic
 - Level 5.0 Poison Magic


You had 5 spell levels left.
You knew the following spells:

 Your Spells              Type           Power      Damage    Failure   Level
a - Beastly Appendage     Tmut           50%        N/A       1%          1
b - Wereblood             Tmut           25%        N/A       1%          2
c - Spider Form           Tmut/Pois      24%        N/A       4%          3
d - Call Canine Familiar  Summ           23%        N/A       4%          3
e - Ice Form              Ice/Tmut       19%        N/A       24%         4

Your spell library contained the following spells:

 Spells                   Type           Power      Damage    Failure   Level
 Slow                     Hex            16%        N/A       12%         1
 Confusing Touch          Hex            4%         N/A       36%         3
 Portal Projectile        Hex/Tloc       8%         N/A       36%         3
 Vampiric Draining        Necr           4%         2d6       36%         3
 Leda's Liquefaction      Hex/Erth       2%         N/A       77%         4
 Iskenderun's Battlesphe  Conj           4%         2d6       98%         5
 Iron Shot                Conj/Erth      2%         9d2       100%        6
 Spellforged Servitor     Conj/Summ      7%         N/A       100%        7


Dungeon Overview and Level Annotations

Branches:
Dungeon (6/15)            Ossuary (visited)
 Temple: D:4-7

Altars:
Kikubaaqudgha
Uskayaw

Shops:
D:1 !

Annotations:
D:5 1 runed translucent door, qeuew's ghost, novice SpEn


Innate Abilities, Weirdness & Mutations

You are a tree.
Your roots penetrate the ground, keeping you stationary.
You cannot be teleported.
You are immune to unholy pain and torment.
Your maximum health is greatly increased.
You cannot wear most types of armour.
((You are amphibious.))
You can wear up to eight rings at the same time.
((Your skin changes colour to match your surroundings (Stealth+).))
((Your rubbery body absorbs attacks. (AC +1, EV +1)))
((You are camouflaged when in or above water. (Stealth+)))
((You have tentacles for arms and can constrict up to eight enemies at once.))


Message History

You start resting.
Magic restored.
You start resting.
HP restored.
Casting: Wereblood (safe; 1% risk of failure)
Confirm with . or Enter, or press ? or * to list all spells.
You turn into a venomous arachnid creature.
Casting: Spider Form (dangerous; 13% risk of failure)
Confirm with . or Enter, or press ? or * to list all spells.
Your blood is infused with primal strength.
You climb downwards.
The yak misses you. The yak gores you!
There is a stone staircase leading up here.
You hit the yak.
The yak is poisoned.
The yak is lightly wounded.
The yak completely misses you.
You hit the yak.
The yak looks as sick as possible!
The yak is lightly wounded.
The yak misses you.
You hit the yak.
The yak looks as sick as possible!
The yak is moderately wounded.
The yak misses you. The yak gores you.
You hit the yak.
The yak is heavily wounded.
The yak completely misses you. The yak barely misses you.
You hit the yak.
The yak looks as sick as possible!
The yak is heavily wounded.
The yak closely misses you. The yak gores you!
You hit the yak but do no damage.
The yak is severely wounded.
The yak misses you. The yak gores you!
* * * LOW HITPOINT WARNING * * *
You hit the yak.
The yak is severely wounded.
The yak gores you!
* * * LOW HITPOINT WARNING * * *
The yak misses you.
Really quaff the potion of lignification?
Your transformation has ended.
You turn into a tree.
Your roots penetrate the ground.
The yak gores you.
You die...

#.##.# ##.## #.#
#.##.######...## #.#
#>.......Y.....# #.#
#..#..#####....# #.##
#..#..# ####.# #...
#..#..# #.### #### #..#..#
#... . #..#..########..# #
#..#.Y##.♣Y.....# #
#..#..##Y#####.## #
#..#.>##.##....# #
#..#..##.#...<.## #
#..#............# #
#..........###..##########
##........## ##...........
###......# #.....######
###....# ##..#..# ##


You could see 2 yaks.

Vanquished Creatures
  Prince Ribbit (D:5)
  A wraith (Ossuary)
  3 yaks (D:6)
  A water moccasin (D:6)
  An ice beast (D:6)
  A black bear (D:6)
  An ogre (D:4)
  3 scorpions
  2 nameless horrors (Ossuary)
  3 hounds
  A gnoll bouda (D:3)
  2 jellies (D:5)
  5 iguanas
  An orc wizard (D:3)
  6 gnolls
  8 adders
  A shadow imp (D:6)
  An ufetubus (D:6)
  A worm (D:3)
  3 dart slugs
  6 orcs
  11 ball pythons
  7 bats
  4 endoplasms
  4 giant cockroaches
  10 goblins
  11 hobgoblins
  3 jackals (D:1)
  6 kobolds
  3 quokkas
  A frilled lizard (D:3)
  5 gnoll skeletons (Ossuary)
  4 kobold skeletons (Ossuary)
  10 orc skeletons (Ossuary)
  7 rats
138 creatures vanquished.

Vanquished Creatures (collateral kills)
  An ice beast (D:6)
  A phantom (D:5)
  A jelly (D:5)
  A mummy (Ossuary)
  4 orcs
  2 gnoll skeletons (Ossuary)
  A kobold skeleton (Ossuary)
  3 orc skeletons (Ossuary)
14 creatures vanquished.

Vanquished Creatures (others)
  2 withered plants (D:5)
2 creatures vanquished.

Grand Total: 154 creatures vanquished

Notes
Turn   | Place    | Note
-------+----------+-------------------------------------------
     0 | D:1      | funnyparkerb the Octopode Transmuter began the quest for
                  | the Orb.
     0 | D:1      | Reached XP level 1. HP: 13/13 MP: 3/3
   301 | D:1      | Reached XP level 2. HP: 11/18 MP: 3/5
   313 | D:1      | Learned a level 2 spell: Wereblood
   645 | D:1      | Found Temogydo's Distillery.
   911 | D:1      | Reached XP level 3. HP: 24/24 MP: 3/6
  1441 | D:2      | Reached XP level 4. HP: 21/29 MP: 4/8
  1475 | D:1      | Learned a level 3 spell: Spider Form
  1849 | D:2      | Learned a level 3 spell: Call Canine Familiar
  2122 | D:2      | Reached XP level 5. HP: 35/35 MP: 5/9
  2234 | D:2      | Reached skill level 1 in Poison Magic
  2753 | D:3      | Reached skill level 1 in Summonings
  2843 | D:3      | Reached XP level 6. HP: 40/41 MP: 4/10
  3441 | D:3      | Found a faded altar of an unknown god.
  3978 | D:4      | Reached XP level 7. HP: 22/46 MP: 3/12
  5007 | D:5      | Entered Level 5 of the Dungeon
  5222 | D:5      | Found a sand-covered staircase.
  5335 | Ossuary  | Entered an ossuary
  5335 | Ossuary  | Noticed a wraith
  5335 | Ossuary  | Noticed a wraith
  5335 | Ossuary  | Noticed a wraith
  5517 | Ossuary  | Noticed a wraith
  5591 | Ossuary  | Noticed a nameless horror
  5607 | Ossuary  | Killed a nameless horror
  5633 | Ossuary  | Killed a wraith
  5923 | D:5      | Noticed Prince Ribbit
  5937 | D:5      | Killed Prince Ribbit
  5938 | D:5      | Reached XP level 8. HP: 19/54 MP: 5/13
  6488 | D:5      | Found a hide-covered altar of Uskayaw.
  6489 | D:5      | Found an ancient bone altar of Kikubaaqudgha.
  6599 | D:5      | Reached skill level 5 in Poison Magic
  6679 | D:5      | Found a runed translucent door.
  6680 | D:5      | Noticed qeuew's ghost (novice SpEn)
  6960 | D:6      | Learned a level 4 spell: Ice Form
  7460 | D:6      | Reached skill level 1 in Ice Magic
  7568 | D:6      | Reached XP level 9. HP: 26/58 MP: 10/16
  7900 | D:6      | Reached skill level 5 in Summonings
  7900 | D:6      | Reached skill level 5 in Transmutations
  7914 | D:6      | Reached skill level 5 in Spellcasting
  8124 | D:6      | HP: 1/59 [yak (8)]
  8125 | D:6      | Slain by a yak

Illustrated notes

Levels and vault maps discovered:
D:1:      dpeg_arrival_signposts, layout_loops_ring, serial_shops, shop
D:2:      layout_rooms
D:3:      layout_basic, chequers_ecumenical_altar_island
D:4:      layout_basic
D:5:      layout_rooms, nicolae_overflow_two_pavilions, gammafunk_ghost_grave,
          nicolae_ossuary_entry_false_entrances, uniq_prince_ribbit1
D:6:      layout_loops_ring, minmay_temple_entry_enclosed_plants,
          ebering_ghost_xom, uniq_crazy_yiuf_cottage

Skill      XL: |  1  2  3  4  5  6  7  8  9 |
---------------+----------------------------+-----
Fighting       | 2 3 4 |  4.5
Transmutations | 3 4 5 |  5.3
Spellcasting   | 3 4 5 |  5.1
Poison Magic   | 2 3 4 5 |  5.0
Summonings     | 1 2 3 4 5 |  5.0
Dodging        | 3 4 |  4.3
Ice Magic      | 1 2 |  2.5
Unarmed Combat | |  3.0

Action                   |  1- 3 |  4- 6 |  7- 9 || total
-------------------------+-------+-------+-------++-------
Melee: Unarmed           |    69 |   126 |   233 ||   428
       Constrict         |    23 |    29 |     5 ||    57
       Kick              |    14 |    21 |       ||    35
       Tentacles         |     9 |    21 |     5 ||    35
       Punch             |     4 |     2 |     2 ||     8
 Cast: Beastly Appendage |    18 |    27 |       ||    45
       Wereblood         |     6 |    24 |    21 ||    51
       Spider Form       |       |     9 |    31 ||    40
       Call Canine Famil |       |       |    13 ||    13
  Use: Potion            |       |       |     6 ||     6
 Stab: Sleeping          |     5 |     4 |       ||     9
       Distracted        |       |       |     3 ||     3
Armor: Skin              |     6 |     9 |    27 ||    42
Dodge: Dodged            |    38 |    87 |   204 ||   329
